 Dungeon Crawl Stone Soup version 0.30.0-13-g156ef70053 (webtiles) character file.

Game seed: 8091583110169925383

29 SnakkuSnakku7 the Trooper (level 3, -1/22 HPs)
             Began as a Tengu Hexslinger on May 17, 2023.
             Killed from afar by Natasha (9 damage)
             ... with a puff of flame
             ... on level 2 of the Dungeon.
             The game lasted 00:01:04 (1230 turns).

SnakkuSnakku7 the Trooper (Tengu Hexslinger)        Turns: 1230, Time: 00:01:04

Health: -1/22      AC:  2    Str: 12    XL:     3   Next: 16%
Magic:  5/5        EV: 12    Int: 13    God:
Gold:   44         SH:  0    Dex: 14    Spells: 3/4 levels left

rFire   . . .        a - +0 hand axe
rCold   . . .        (no shield)
rNeg    . . .        c - +0 robe
rPois   .            (helmet restricted)
rElec   .            (no cloak)
rCorr   .            (no gloves)
SInv    .            (boots unavailable)
Will    +....        (no amulet)
Stlth   +            h - ring of willpower
HPRegen 0.23/turn    (no ring)
MPRegen 0.09/turn

%: no passive effects
@: no status effects
A: beak, talons 3
a: no special abilities


You were on level 2 of the Dungeon.
You visited 1 branch of the dungeon, and saw 2 of its levels.

You collected 44 gold pieces.

Inventory:

Hand Weapons
 a - a +0 hand axe (weapon)
 f - a +1 sling
Armour
 c - a +0 robe (worn)
Jewellery
 h - a ring of willpower (left hand)
Scrolls
 b - a scroll of poison
 e - a scroll of noise {unknown}
 i - 3 scrolls of identify {unknown}
 j - a scroll of vulnerability {unknown}
Potions
 d - a potion of degeneration {unknown}
 g - a potion of brilliance {unknown}


   Skills:
 + Level 2.3 Fighting
 + Level 1.8 Axes
 - Level 2.1 Ranged Weapons
 - Level 2.1 Dodging
 - Level 1.0 Spellcasting
 - Level 2.1 Hexes


You had 3 spell levels left.
You knew the following spells:

 Your Spells              Type           Power      Damage    Failure   Level
a - Slow                  Hex            24%        N/A       12%         1

Your spell library contained the following spells:

 Spells                   Type           Power      Damage    Failure   Level
 Confusing Touch          Hex            6%         N/A       34%         3
 Inner Flame              Hex/Fire       3%         N/A       47%         3
 Portal Projectile        Hex/Tloc       6%         N/A       47%         3
 Vampiric Draining        Necr           0%         2d6       63%         3
 Cause Fear               Hex            3%         N/A       75%         4


Dungeon Overview and Level Annotations

Branches:
Dungeon (2/15)

Altars:

Annotations:
D:2 Natasha


Innate Abilities, Weirdness & Mutations

You have a beak for a mouth.
You have claws for feet.


Message History

The helpless quokka fails to defend itself.
You hit the quokka.
You kill the quokka!
You see here a quokka corpse.
There is an open door here.
There is an open door here.
There is an open door here.
There is an open door here.
Things that are here:
a +0 dagger; a +0 club Done exploring.
Done exploring.
Done exploring.
(D) Dungeon
Where to? (? - help)
There is a stone staircase leading down here.
You climb downwards.
Found a dagger.
There is a stone staircase leading up here.
Natasha is nearby!
Natasha is nearby!
Natasha hisses angrily.
Natasha zaps a wand.
The puff of flame misses you.
You closely miss Natasha. Your kick misses Natasha. Natasha barely misses you.
You hit Natasha. Your kick misses Natasha. You peck Natasha, but do no damage.
Natasha is lightly wounded.
Natasha wildly gestures.
Natasha shimmers violently.
Natasha casts a spell at you. The magic dart hits you!
You closely miss Natasha.
Natasha is lightly wounded.
Natasha closely misses you. Natasha claws you.
You are too injured to fight recklessly!
You are too injured to fight recklessly!
You are too injured to fight recklessly!
You hit Natasha. Your punch misses Natasha.
Natasha is moderately wounded.
Natasha zaps a wand.
The puff of flame hits you!
You die...

.~ #+#.#
##....#
##.....##
##.......##
#.........#
+h.......)+
#.@.......#
##.......#
##.....##
##<..##
#...# #...#
......
......#
.......#


You could see Natasha.

Vanquished Creatures
  2 dart slugs (D:1)
  2 endoplasms (D:1)
  A giant cockroach (D:1)
  4 goblins (D:1)
  3 quokkas (D:1)
  2 ball pythons (D:1)
  2 bats (D:1)
  A frilled lizard (D:1)
  3 kobolds (D:1)
  3 rats (D:1)
23 creatures vanquished.

Notes
Turn   | Place    | Note
-------+----------+-------------------------------------------
     0 | D:1      | SnakkuSnakku7 the Tengu Hexslinger began the quest for the
                  | Orb.
     0 | D:1      | Reached XP level 1. HP: 12/12 MP: 3/3
   295 | D:1      | Reached XP level 2. HP: 8/17 MP: 4/4
   298 | D:1      | Reached skill level 1 in Axes
   365 | D:1      | Found a faded altar of an unknown god.
   596 | D:1      | Reached XP level 3. HP: 4/21 MP: 5/5
  1223 | D:2      | Noticed Natasha
  1230 | D:2      | Killed from afar by Natasha

Illustrated notes

Levels and vault maps discovered:
D:1:      dpeg_arrival_radiant, layout_loops_corners,
          nicolae_ecumenical_snake_handling
D:2:      layout_loops_corners, basic_altar, serial_shops,
          nicolae_shop_bloodbath_and_beyond, chequers_serial_rivers_large_b,
          uniq_robin, uniq_natasha, uniq_jessica, uniq_crazy_yiuf_cottage

Skill      XL: |  1  2 |
---------------+-------+-----
Axes           | 1 |  1.8
Fighting       | 2 |  2.3
Ranged Weapons | |  2.1
Dodging        | |  2.1
Spellcasting   | |  1.0
Hexes          | |  2.1

Action                     || total
---------------------------++-------
  Melee: Hand axe          ||    44
         Kick              ||     8
         Peck              ||     4
         Punch             ||     1
   Fire: Sling             ||    12
   Stab: Sleeping          ||     2
 Armour: Robe              ||     6
  Dodge: Dodged            ||    31
